Map: [ESL] Data-C

Players

Scarlett - Winner!

  • Race: Zerg Zerg
  • Spawn Location: 9:00

PtitDrogo

  • Race: Protoss Protoss
  • Spawn Location: 3:00

Event: DreamHack SC2 Masters 2022 Atlanta (Offline)

VOD

Have the link to the VOD?

Description

Time

  • Played on: Nov. 18, 2022, 2:25 p.m.
  • Length: 54:21

All games in this series

Show
View Real Time Build Order
Export as new Build Order

Scarlett Zerg - Winner!

Build Orders: Hatch First, Lurkers 

Get SALT Encoding   

  12  0:00  Drone  
  13  0:12  Overlord  
  13  0:16  Drone  
  14  0:30  Drone x2  
  16  0:46  Drone  
  17  0:50  Hatchery  
  17  0:54  Drone  
  17  0:58  Drone  
  18  1:09  Extractor  
  17  1:14  Spawning Pool  
  17  1:16  Drone  
  17  1:19  Drone  
  18  1:27  Drone  
  19  1:38  Drone  
  20  1:48  Overlord  
  20  2:00  Queen  
  22  2:02  Queen  
  22  2:03  Zergling x2, Drone  
  26  2:12  Metabolic Boost  
  26  2:14  Drone  
  26  2:15  Drone  
  28  2:22  Drone  
  29  2:24  Drone  
  30  2:35  Hatchery  
  29  2:41  Zergling x2  
  29  2:42  Queen  
  32  2:47  Drone  
  33  2:53  Overlord  
  33  2:58  Drone x3  
  35  3:11  Zergling x2, Queen  
  35  3:12  Zergling x6  
  41  3:14  Drone  
  41  3:19  Spore Crawler  
  41  3:20  Spore Crawler  
  41  3:22  Drone  
  43  3:28  Overlord  
  43  3:31  Overlord  
  43  3:47  Queen  
  43  3:48  Spore Crawler, Drone x7  
  45  3:53  Drone  
  45  3:54  Drone  
  52  3:58  Drone x2  
  52  3:59  Drone x3  
  56  4:05  Drone  
  56  4:06  Evolution Chamber  
  56  4:10  Queen  
  56  4:13  Overlord  
  56  4:15  Drone  
  59  4:17  Drone  
  59  4:18  Drone  
  59  4:20  Drone  
  62  4:24  Drone x3  
  62  4:30  Overlord x2  
  65  4:33  Drone  
  65  4:34  Spore Crawler  
  65  4:36  Drone  
  65  4:39  Zerg Melee Weapons Level 1  
  65  4:42  Drone x4  
  65  4:44  Spore Crawler  
  66  4:58  Drone x7  
  72  5:08  Lair, Drone  
  72  5:10  Hatchery  
  72  5:15  Hatchery  
  72  5:18  Extractor x2  
  72  5:19  Drone  
  72  5:20  Drone x3  
  73  5:21  Drone x2  
  73  5:22  Drone  
  77  5:28  Zergling x8  
  77  5:31  Drone  
  77  5:34  Zergling x8  
  84  5:37  Zergling x2  
  85  5:45  Zergling x2, Hatchery  
  85  5:46  Zergling x2  
  85  5:47  Zergling x2  
  85  5:48  Zergling x4  
  89  5:54  Overlord x3  
  89  5:56  Overlord  
  89  6:02  Extractor  
  88  6:05  Overlord  
  88  6:06  Queen  
  88  6:08  Hydralisk Den  
  88  6:10  Baneling Nest  
  88  6:12  Drone x2  
  88  6:13  Drone  
  88  6:14  Zergling x8  
  88  6:18  Zergling x8  
  96  6:33  Drone  
  96  6:34  Drone x2  
  98  6:40  Muscular Augments  
  98  6:41  Lurker Den  
  98  6:42  Queen  
  98  6:43  Drone x2  
  98  6:44  Drone  
  98  6:46  Extractor  
  101  6:47  Drone x3, Extractor  
  101  6:49  Zerg Melee Weapons Level 2  
  101  6:50  Infestation Pit, Drone  
  101  6:51  Drone x11  
  101  6:54  Spore Crawler  
  113  7:03  Drone x10  
  113  7:07  Drone x3  
  126  7:10  Extractor  
  125  7:15  Drone  
  125  7:16  Hydralisk x3, Drone  
  125  7:20  Overlord x2  
  125  7:21  Centrifugal Hooks  
  133  7:33  Zergling x16  
  133  7:34  Overlord x4  
  141  7:39  Hive  
  141  7:43  Spine Crawler  
  140  7:44  Spine Crawler  
  140  7:45  Spine Crawler  
  140  7:46  Extractor  
  140  7:47  Lurker x2  
  140  7:50  Hydralisk  
  141  7:51  Hydralisk  
  141  7:53  Drone x3  
  141  7:55  Drone  
  141  7:56  Hydralisk  
  141  7:57  Spine Crawler x2  
  147  7:59  Hydralisk  
  147  8:00  Evolution Chamber  
  147  8:02  Overseer  
  147  8:13  Spore Crawler, Hydralisk x5  
  147  8:16  Overlord  
  153  8:25  Lurker x2  
  148  8:35  Drone  
  148  8:39  Zerg Missile Weapons Level 1  
  148  8:40  Lurker x2  
  151  8:41  Baneling x2  
  151  8:42  Baneling, Spine Crawler  
  151  8:43  Spore Crawler, Baneling, Spine Crawler  
  148  8:52  Seismic Spines  
  148  8:57  Lurker  
  148  9:00  Zergling x20  
  148  9:01  Zergling x16  
  166  9:04  Adrenal Glands  
  164  9:14  Lurker x2, Extractor  
  165  9:19  Spore Crawler, Extractor  
  165  9:21  Spore Crawler, Overseer  
  165  9:22  Spore Crawler  
  161  9:35  Lurker  
  161  9:36  Lurker, Hydralisk x2  
  161  9:37  Hydralisk  
  153  9:48  Zergling x28  
  153  9:49  Adaptive Talons  
  158  9:55  Spire  
  158  9:59  Hydralisk x3  
  155  10:00  Lurker  
  159  10:09  Spore Crawler  
  159  10:11  Zerg Melee Weapons Level 3  
  158  10:15  Zergling x30  
  158  10:16  Zergling x26  
  186  10:32  Spire  
  183  10:36  Overseer x2  
  183  10:37  Pneumatized Carapace  
  183  10:44  Viper  
  183  10:45  Viper  
  189  10:50  Spine Crawler  
  151  11:13  Corruptor x5, Greater Spire  
  157  11:19  Spore Crawler  
  157  11:20  Spore Crawler  
  157  11:21  Spore Crawler x3  
  157  11:22  Spore Crawler  
  144  11:28  Corruptor x4  
  146  11:33  Drone x6  
  146  11:34  Spore Crawler  
  146  11:35  Spore Crawler  
  146  11:36  Spore Crawler  
  149  11:45  Corruptor x5  
  159  11:47  Baneling x4  
  159  11:58  Lurker x2  
  161  12:06  Baneling  
  161  12:07  Zergling x6, Baneling x4  
  159  12:24  Zerg Flyer Armor Level 1  
  159  12:34  Zerg Flyer Weapons Level 1  
  159  12:35  Zerg Missile Weapons Level 2  
  159  12:46  Spore Crawler, Spine Crawler  
  159  12:47  Spore Crawler  
  159  12:50  Drone x6  
  162  12:55  Corruptor x6, Spore Crawler  
  162  12:57  Lurker x3  
  176  12:59  Overlord x3  
  176  13:06  Pathogen Glands  
  176  13:10  Zerg Ground Armor Level 1  
  176  13:13  Drone  
  176  13:14  Spore Crawler  
  176  13:16  Spore Crawler  
  176  13:17  Spore Crawler  
  176  13:19  Drone x3  
  177  13:20  Drone  
  177  13:31  Corruptor x3  
  183  13:44  Infestor x5  
  191  13:51  Drone x3  
  191  13:52  Drone x2  
  196  13:57  Spore Crawler  
  196  14:00  Spore Crawler  
  193  14:15  Overseer x5  
  193  14:23  Zerg Flyer Armor Level 2  
  193  14:26  Drone x3  
  193  14:29  Spore Crawler  
  193  14:30  Spore Crawler, Drone x4  
  198  14:31  Spore Crawler x2  
  198  14:34  Spore Crawler  
  198  14:36  Spore Crawler x2  
  187  15:20  Brood Lord  
  187  15:21  Brood Lord x5  
  193  15:22  Brood Lord x2  
  193  15:23  Zerg Flyer Weapons Level 2  
  193  15:24  Zerg Ground Armor Level 2  
  193  15:28  Zerg Missile Weapons Level 3  
  198  15:35  Neural Parasite  
  198  15:36  Burrow  
  198  15:46  Spore Crawler  
  198  15:47  Spore Crawler  
  198  15:48  Corruptor  
  198  16:00  Zergling x4  
  198  16:04  Ultralisk Cavern, Spine Crawler  
  199  16:05  Spore Crawler  
  197  16:11  Overseer  
  197  16:26  Spore Crawler x2, Zergling x8  
  197  16:27  Spore Crawler x2  
  197  16:47  Baneling  
  197  16:48  Zergling x6, Baneling x4  
  162  17:17  Chitinous Plating  
  162  17:19  Zerg Flyer Armor Level 3  
  161  17:23  Zergling x20  
  161  17:28  Corruptor x8  
  187  17:35  Hatchery  
  186  17:50  Overlord, Ultralisk  
  186  17:51  Overlord  
  192  17:52  Overseer, Zerg Flyer Weapons Level 3  
  192  17:53  Overlord x2  
  192  18:00  Extractor  
  192  18:01  Zergling x10  
  192  18:03  Zerg Ground Armor Level 3  
  191  18:20  Zergling x2, Ultralisk  
  191  18:21  Zergling x2, Baneling x3  
  191  18:22  Baneling x5  
  198  18:36  Anabolic Synthesis  
  193  18:53  Extractor  
  192  19:00  Spore Crawler x2, Drone x8  
  198  19:09  Spore Crawler  
  197  19:10  Overlord  
  197  19:11  Spore Crawler x3, Overlord  
  197  19:15  Spore Crawler  
  195  19:32  Corruptor x2  
  195  19:35  Spore Crawler  
  195  19:37  Spore Crawler  
  184  19:52  Corruptor  
  184  19:53  Corruptor x8, Spore Crawler  
  187  20:13  Zergling x4, Ultralisk  
  195  20:17  Hatchery  
  194  20:47  Hatchery  
  190  21:17  Zergling x18  
  199  21:30  Unknown  
  198  21:47  Infestor x4  
  194  22:44  Infestor x2  
  194  22:49  Spore Crawler  
  194  22:51  Spore Crawler  
  196  23:00  Baneling x5  
  196  23:01  Baneling x8  
  196  23:19  Spore Crawler  
  195  23:22  Infestor x2  
  189  23:57  Zergling x2  
  189  23:58  Zergling x10  
  195  24:13  Lair, Spore Crawler  
  195  24:14  Spore Crawler  
  195  24:15  Spore Crawler x3  
  195  24:16  Spawning Pool  
  189  24:17  Zergling x20  
  189  24:24  Baneling x12  
  199  24:53  Spire  
  199  24:54  Infestation Pit  
  197  25:00  Spore Crawler  
  197  25:01  Overlord x2  
  197  25:02  Overseer x2  
  197  25:06  Overseer  
  195  25:08  Drone  
  196  25:15  Spore Crawler  
  195  25:36  Infestor x4  
  195  25:37  Infestor x2  
  195  25:42  Spore Crawler  
  194  25:43  Spore Crawler x2  
  194  25:44  Spore Crawler x2  
  188  25:50  Infestor x2  
  182  26:54  Corruptor x8  
  196  27:08  Zergling x6, Baneling x8  
  199  27:26  Spore Crawler  
  199  27:27  Spore Crawler  
  197  27:43  Spore Crawler  
  192  27:56  Ultralisk  
  192  27:57  Zergling x10, Ultralisk  
  192  27:58  Overseer x2, Overlord x2  
  199  28:27  Baneling x10  
  199  28:28  Hatchery  
  199  28:29  Spore Crawler x3  
  199  28:30  Extractor x2  
  193  28:35  Drone x3, Infestor  
  198  28:48  Spore Crawler x2  
  192  29:01  Zergling x16  
  199  29:05  Overseer  
  199  29:07  Viper  
  197  29:29  Greater Spire, Hive  
  196  30:15  Hatchery  
  196  30:16  Hatchery  
  196  30:18  Hatchery, Viper  
  196  30:24  Spore Crawler x2  
  196  30:27  Spore Crawler  
  196  30:28  Drone x2  
  195  30:29  Drone x3  
  198  30:44  Baneling x9  
  191  31:26  Infestor  
  191  31:42  Drone x3  
  192  32:22  Zergling x14  
  198  33:26  Zergling x6  
  198  33:27  Zergling x2  
  199  33:45  Zergling x2  
  195  33:52  Zergling x2  
  195  33:53  Zergling x4  
  198  34:07  Drone x4  
  198  34:59  Infestor  
  198  35:05  Zergling x10  
  200  35:37  Baneling x4  
  200  35:44  Spore Crawler  
  200  35:47  Spore Crawler x2  
  190  35:58  Drone x3  
  190  36:00  Zergling x12  
  199  36:21  Spore Crawler  
  199  36:22  Spore Crawler x2  
  188  36:59  Zergling x24  
  200  38:07  Spore Crawler  
  200  38:08  Spore Crawler x2  
  195  38:25  Drone x5  
  200  38:57  Spore Crawler x2  
  198  39:05  Spore Crawler  
  198  39:06  Spore Crawler  
  198  39:07  Spore Crawler  
  195  39:54  Baneling x7  
  185  41:10  Infestor  
  183  41:53  Baneling x6  
  183  41:54  Zergling x34  
  191  42:32  Infestor x4  
  199  43:07  Spore Crawler x3  
  199  43:08  Spore Crawler  
  199  43:09  Spore Crawler x4  
  199  43:10  Spore Crawler x2  
  189  43:12  Spore Crawler  
  189  43:13  Overseer x8  
  188  43:23  Spore Crawler x2  
  188  43:25  Spore Crawler  
  183  44:35  Baneling  
  183  44:36  Baneling x5  
  183  44:39  Zergling x28  
  187  46:15  Brood Lord  
  187  46:16  Brood Lord x2  
  193  46:30  Spore Crawler x2  
  193  46:31  Spore Crawler  
  190  46:41  Spore Crawler  
  190  46:42  Spore Crawler  
  182  47:26  Overlord x3  
  172  49:55  Spore Crawler x2  
  172  49:56  Spore Crawler  
  167  50:15  Spore Crawler x2  
  149  50:58  Zergling x2, Ultralisk  
  149  50:59  Zergling x26  
  169  51:05  Brood Lord x3  
  169  51:06  Corruptor x9, Zergling x2  
  169  51:09  Zergling x10  
  199  52:07  Infestor x8  
  199  52:15  Infestor  
  198  52:17  Spore Crawler  
  198  52:18  Spore Crawler  
  196  52:31  Drone x3  
  196  52:33  Drone  
  191  53:23  Corruptor  
  191  53:24  Corruptor x5  
  181  53:35  Corruptor x13  
  185  53:46  Corruptor x12  
Show
View Real Time Build Order
Export as new Build Order

PtitDrogo Protoss 

Build Orders: 1 Gate Expand, Oracle Opening, Carriers, Zealot Archon 

Get SALT Encoding   

  12  0:00  Probe  
  13  0:12  Probe  
  14  0:19  Pylon  
  14  0:24  Probe  
  15  0:37  Probe (Chrono Boost)  
  15  0:39  Gateway  
  16  0:47  Probe (Chrono Boost)  
  16  0:49  Assimilator  
  17  0:52  Probe (Chrono Boost)  
  18  1:04  Probe  
  19  1:16  Probe  
  20  1:27  Nexus  
  20  1:37  Cybernetics Core  
  20  1:40  Probe  
  20  1:45  Assimilator  
  21  1:52  Probe  
  22  1:55  Pylon  
  22  2:04  Probe  
  23  2:10  Adept (Chrono Boost)  
  25  2:16  Probe  
  25  2:20  Stargate  
  26  2:26  Warp Gate  
  26  2:29  Probe (Chrono Boost)  
  27  2:33  Adept  
  29  2:39  Probe (Chrono Boost)  
  31  2:47  Probe (Chrono Boost)  
  31  2:49  Probe (Chrono Boost)  
  32  2:53  Probe (Chrono Boost)  
  32  2:54  Probe (Chrono Boost)  
  34  3:01  Oracle (Chrono Boost)  
  34  3:05  Probe  
  38  3:06  Probe  
  38  3:09  Pylon  
  39  3:17  Probe  
  40  3:24  Probe  
  41  3:28  Oracle (Chrono Boost)  
  41  3:29  Probe, Gateway  
  45  3:37  Probe  
  46  3:41  Probe  
  46  3:47  Nexus  
  47  3:49  Probe  
  47  3:53  Probe  
  46  3:55  Oracle (Chrono Boost)  
  46  4:01  Probe  
  50  4:06  Probe  
  50  4:07  Pylon  
  51  4:13  Probe  
  51  4:14  Assimilator  
  52  4:18  Probe, Assimilator  
  53  4:24  Pylon  
  53  4:25  Probe, Stalker  
  53  4:26  Stalker  
  53  4:31  Probe (Chrono Boost)  
  58  4:37  Probe (Chrono Boost)  
  59  4:39  Twilight Council  
  59  4:40  Forge  
  59  4:45  Robotics Facility  
  60  4:48  Probe x2 (Chrono Boost)  
  61  4:57  Probe x2 (Chrono Boost)  
  61  4:59  Probe (Chrono Boost)  
  66  5:08  Probe (Chrono Boost)  
  66  5:09  Probe (Chrono Boost), Gateway  
  66  5:10  Gateway, Probe (Chrono Boost)  
  66  5:13  Probe (Chrono Boost)  
  66  5:14  Protoss Ground Weapons Level 1 (Chrono Boost), Probe (Chrono Boost)  
  67  5:17  Shield Battery  
  70  5:22  Charge, Probe (Chrono Boost)  
  70  5:23  Probe (Chrono Boost)  
  72  5:31  Probe (Chrono Boost)  
  72  5:33  Probe (Chrono Boost)  
  72  5:34  Probe (Chrono Boost)  
  74  5:36  Assimilator  
  74  5:37  Probe (Chrono Boost), Assimilator  
  74  5:38  Probe (Chrono Boost), Pylon  
  77  5:42  Probe  
  77  5:49  Probe x2  
  79  5:54  Probe  
  79  5:55  Templar Archives  
  80  5:57  Gateway  
  80  5:58  Gateway  
  80  6:00  Zealot, Gateway  
  80  6:01  Zealot, Probe  
  85  6:07  Probe  
  85  6:09  Pylon  
  85  6:10  Zealot x2  
  90  6:13  Probe  
  90  6:15  Photon Cannon  
  90  6:17  Psionic Storm  
  91  6:29  Nexus  
  91  6:31  Probe  
  92  6:33  Shield Battery, High Templar  
  92  6:34  High Templar x3  
  92  6:37  Probe  
  101  6:49  Pylon x2  
  101  6:50  Pylon  
  101  6:54  Pylon  
  101  6:55  Photon Cannon  
  101  7:06  Pylon  
  101  7:07  Probe x3  
  101  7:08  High Templar x4  
  112  7:09  Zealot x3  
  112  7:12  Observer (Chrono Boost)  
  112  7:14  Archon x2  
  119  7:19  Probe x3  
  119  7:22  Gateway x2  
  122  7:24  Gateway  
  122  7:29  High Templar x2  
  126  7:30  Zealot  
  126  7:35  Archon  
  128  7:38  Protoss Ground Weapons Level 2 (Chrono Boost)  
  128  7:42  Probe  
  128  7:43  Probe x2  
  131  7:45  Warp Prism (Chrono Boost), Assimilator  
  131  7:46  Photon Cannon, Assimilator  
  131  7:50  Probe  
  134  7:54  Probe  
  134  7:55  Probe x2  
  137  8:02  Probe  
  137  8:03  High Templar x2  
  137  8:04  Zealot x5  
  152  8:06  Probe  
  152  8:07  Probe, Pylon  
  152  8:10  Pylon  
  152  8:11  Pylon  
  154  8:22  Probe  
  154  8:23  Observer  
  154  8:24  Archon  
  144  8:29  Photon Cannon  
  142  8:35  High Templar x5  
  142  8:38  Zealot x5  
  142  8:40  Archon x2  
  162  8:46  Fleet Beacon  
  162  8:52  Nexus  
  162  8:53  Stargate, Pylon  
  162  8:55  Photon Cannon x2  
  161  8:57  Shield Battery, Photon Cannon  
  161  9:01  Stargate  
  161  9:07  Observer (Chrono Boost)  
  156  9:12  High Templar  
  156  9:13  Zealot x7  
  172  9:17  Photon Cannon  
  172  9:19  Photon Cannon  
  172  9:20  Observer (Chrono Boost)  
  172  9:21  Shield Battery  
  173  9:29  Assimilator  
  171  9:33  Assimilator  
  171  9:35  Zealot x7  
  171  9:37  Pylon  
  177  9:48  Carrier (Chrono Boost)  
  177  9:49  Carrier (Chrono Boost), Photon Cannon  
  179  10:03  Photon Cannon  
  179  10:04  Carrier (Chrono Boost)  
  179  10:08  Protoss Air Weapons Level 1 (Chrono Boost)  
  179  10:32  Carrier (Chrono Boost), Probe  
  190  10:36  Carrier (Chrono Boost)  
  188  10:47  Carrier (Chrono Boost), Zealot x3  
  200  10:57  Zealot  
  183  11:14  Zealot x6  
  182  11:23  Probe x2  
  182  11:24  Pylon  
  182  11:26  Photon Cannon  
  182  11:27  Pylon  
  182  11:28  Carrier (Chrono Boost), Photon Cannon  
  188  11:36  Carrier (Chrono Boost)  
  188  11:41  Carrier (Chrono Boost)  
  188  11:42  Probe  
  188  11:45  Protoss Ground Weapons Level 3 (Chrono Boost)  
  195  11:54  Nexus  
  195  11:55  Nexus  
  195  11:57  Photon Cannon  
  195  11:59  Shield Battery  
  195  12:00  Protoss Air Weapons Level 2 (Chrono Boost)  
  188  12:24  Pylon  
  188  12:28  Carrier (Chrono Boost)  
  194  12:32  Carrier (Chrono Boost)  
  197  12:47  Photon Cannon  
  197  12:48  Pylon  
  197  12:49  Shield Battery, Photon Cannon  
  197  12:51  Photon Cannon  
  197  12:52  Shield Battery  
  197  13:15  Nexus  
  197  13:16  Pylon  
  195  13:37  Photon Cannon  
  195  13:38  Photon Cannon  
  195  13:40  Photon Cannon  
  195  13:42  Photon Cannon  
  195  13:43  Shield Battery  
  195  13:47  Photon Cannon, Pylon  
  195  13:48  Oracle (Chrono Boost)  
  195  13:49  Shield Battery  
  198  13:57  Blink  
  198  14:17  Probe x2  
  198  14:21  Protoss Air Weapons Level 3 (Chrono Boost)  
  200  14:27  Stargate  
  200  14:29  Stargate  
  200  14:31  Stargate  
  200  14:32  Protoss Shields Level 1 (Chrono Boost), Stargate  
  200  14:34  Stargate  
  200  14:37  Stargate  
  200  14:39  Stargate  
  200  14:41  Pylon  
  188  15:19  Zealot x2  
  192  15:22  Assimilator  
  192  15:23  Assimilator  
  192  15:25  Photon Cannon  
  192  15:27  Photon Cannon  
  192  15:28  Photon Cannon  
  192  15:30  Shield Battery  
  190  15:44  Nexus  
  188  16:23  Void Ray x3 (Chrono Boost)  
  194  16:41  Pylon  
  194  16:43  Flux Vanes  
  198  16:50  Void Ray (Chrono Boost)  
  198  17:00  Unknown  
  198  17:03  Photon Cannon  
  198  17:05  Shield Battery, Photon Cannon  
  198  17:07  Shield Battery, Photon Cannon  
  192  17:09  Photon Cannon  
  192  17:11  Photon Cannon  
  192  17:14  Carrier x3 (Chrono Boost)  
  192  17:43  Zealot  
  192  17:44  Zealot x5  
  200  17:45  Protoss Air Armor Level 1  
  200  17:53  Pylon  
  200  18:00  Nexus  
  200  18:02  Pylon  
  200  18:12  Zealot x6  
  194  18:24  Photon Cannon  
  194  18:25  Photon Cannon  
  194  18:27  Photon Cannon  
  194  18:29  Shield Battery  
  194  18:30  Shield Battery  
  194  18:31  Shield Battery  
  194  18:32  Photon Cannon  
  194  18:38  High Templar x3  
  188  18:56  Carrier x2 (Chrono Boost)  
  200  19:03  Protoss Shields Level 2  
  200  19:12  Observer (Chrono Boost)  
  195  19:30  Immortal  
  195  19:36  Photon Cannon  
  195  19:38  High Templar  
  197  19:41  Assimilator  
  197  19:43  Assimilator  
  193  20:00  Void Ray x3 (Chrono Boost)  
  193  20:01  Void Ray x2 (Chrono Boost)  
  188  20:09  Void Ray (Chrono Boost)  
  188  20:10  Void Ray x4 (Chrono Boost), High Templar x6  
  189  21:07  Carrier (Chrono Boost)  
  192  21:14  Immortal (Chrono Boost)  
  196  21:44  Robotics Facility, High Templar  
  196  21:45  Observer (Chrono Boost), Robotics Facility  
  199  22:32  Nexus  
  199  22:33  Pylon  
  196  22:52  Warp Prism (Chrono Boost)  
  198  23:04  Void Ray (Chrono Boost)  
  200  23:12  Pylon  
  200  23:43  Nexus  
  200  23:47  Shield Battery  
  200  23:48  Shield Battery  
  200  23:49  Shield Battery  
  200  23:50  Shield Battery  
  200  23:51  Shield Battery  
  173  23:58  Carrier x4  
  173  24:02  Probe (Chrono Boost)  
  198  24:09  Warp Prism (Chrono Boost)  
  198  24:11  Probe (Chrono Boost)  
  198  24:12  Protoss Shields Level 3 (Chrono Boost)  
  198  24:16  Probe (Chrono Boost)  
  198  24:20  Pylon  
  198  24:22  Probe, Protoss Air Armor Level 2 (Chrono Boost)  
  197  24:39  Pylon  
  197  24:41  Shield Battery  
  197  24:43  Shield Battery  
  197  24:45  Shield Battery  
  197  24:46  Shield Battery  
  197  24:47  Shield Battery  
  197  24:48  Shield Battery  
  197  24:51  Stalker  
  198  25:07  Photon Cannon  
  198  25:11  Photon Cannon  
  198  25:35  Oracle (Chrono Boost)  
  197  25:50  Zealot  
  197  25:51  Zealot  
  197  25:54  Probe  
  197  25:56  Photon Cannon  
  190  25:57  Oracle (Chrono Boost)  
  190  26:00  Carrier (Chrono Boost)  
  190  26:02  Photon Cannon  
  199  26:09  Carrier (Chrono Boost)  
  199  26:17  Photon Cannon  
  199  26:18  Photon Cannon  
  199  26:20  Photon Cannon  
  199  26:22  Pylon  
  196  26:31  Warp Prism (Chrono Boost)  
  192  26:58  High Templar  
  192  27:01  Protoss Ground Armor Level 1 (Chrono Boost)  
  200  27:04  High Templar x3  
  200  27:20  Protoss Air Armor Level 3 (Chrono Boost)  
  190  27:32  High Templar x3  
  190  27:33  High Templar  
  198  27:46  Pylon  
  198  28:06  Photon Cannon  
  198  28:08  Photon Cannon  
  198  28:09  Photon Cannon  
  198  28:11  Photon Cannon  
  192  28:41  Carrier (Chrono Boost)  
  198  29:07  Carrier (Chrono Boost)  
  198  29:31  Shield Battery  
  198  29:32  Shield Battery  
  198  29:34  Shield Battery  
  198  30:08  Observer  
  199  30:29  Observer  
  199  30:34  Protoss Ground Armor Level 2 (Chrono Boost)  
  200  30:44  Gateway x2  
  200  30:46  Gateway  
  200  30:48  Gateway  
  200  30:54  Gateway  
  200  30:55  Gateway  
  198  31:34  High Templar  
  191  32:17  High Templar  
  191  32:18  High Templar x3  
  197  32:42  Pylon  
  195  33:00  Oracle (Chrono Boost)  
  195  33:01  Oracle (Chrono Boost)  
  198  33:34  Zealot  
  186  33:41  Carrier x2 (Chrono Boost)  
  186  33:42  Carrier (Chrono Boost)  
  198  34:14  High Templar  
  200  34:17  Observer  
  197  34:58  Zealot  
  199  35:03  Stalker  
  195  35:41  Photon Cannon  
  195  35:43  Shield Battery  
  193  36:17  Carrier (Chrono Boost)  
  199  37:02  Photon Cannon  
  199  37:05  Shield Battery  
  199  37:10  Protoss Ground Armor Level 3 (Chrono Boost)  
  199  37:24  Observer (Chrono Boost)  
  197  38:01  Observer x2 (Chrono Boost)  
  199  38:29  Photon Cannon  
  199  38:32  Photon Cannon  
  199  38:34  Shield Battery  
  199  39:07  Observer  
  198  39:25  Zealot  
  200  40:59  Stalker x3  
  196  41:51  High Templar x2  
  194  42:32  High Templar x2  
  197  43:11  Tempest (Chrono Boost)  
  198  43:13  Tempest x4 (Chrono Boost)  
  195  43:27  Oracle (Chrono Boost)  
  194  43:55  Archon  
  200  44:07  High Templar x3  
  200  44:23  Pylon  
  200  44:27  Pylon  
  200  44:28  Carrier x2 (Chrono Boost)  
  194  44:35  Pylon  
  200  44:50  Nexus  
  200  44:52  Shield Battery  
  200  44:53  Shield Battery  
  200  44:54  Shield Battery  
  200  44:55  Shield Battery  
  200  44:56  Shield Battery  
  200  44:57  Shield Battery  
  200  45:03  Shield Battery  
  196  45:18  Shield Battery  
  196  45:19  Shield Battery  
  196  45:21  Shield Battery  
  196  45:22  Shield Battery  
  196  45:25  Shield Battery  
  196  45:26  Shield Battery  
  196  45:31  High Templar x2  
  200  45:47  Warp Prism (Chrono Boost)  
  192  45:54  High Templar x3  
  197  46:23  Shield Battery  
  197  46:25  Shield Battery  
  197  46:26  Shield Battery  
  197  47:05  Tempest (Chrono Boost)  
  181  47:15  Carrier x2 (Chrono Boost)  
  198  47:30  Nexus  
  198  47:46  Unknown  
  198  47:55  High Templar  
  194  48:27  Carrier (Chrono Boost)  
  194  49:26  Mothership (Chrono Boost)  
  188  49:52  Probe (Chrono Boost)  
  189  50:04  Carrier (Chrono Boost)  
  189  50:07  Pylon  
  189  50:12  Pylon  
  195  50:21  Shield Battery  
  195  51:05  Void Ray (Chrono Boost)  
  195  51:07  Pylon  
  195  51:08  Pylon  
  195  51:09  Pylon  
  195  51:10  Oracle (Chrono Boost), Pylon  
  199  51:28  Void Ray (Chrono Boost)  
  196  52:52  Oracle  
  180  53:32  Void Ray x3 (Chrono Boost)  
  180  53:33  Void Ray x2 (Chrono Boost)  
  158  53:34  Stalker  
  158  53:35  Stalker  
Tags
 
Add a new tag
Caveats
  • Supply blocks, unpowered buildings, or Contaminate may cause inaccurate times.
  • Supply counts are checked every 10 seconds.